 Dungeon Crawl Stone Soup version 0.31.0-11-ge490571c62 (webtiles) character file.

Game seed: 826090522063734401

12862 qw the Spry (level 11, 0/55 HPs)
             Began as a Spriggan Hunter on Feb 4, 2024.
             Was a Priest of Okawaru.
             Slain by an elephant (13 damage)
             ... on level 1 of the Lair of Beasts.
             The game lasted 00:01:08 (9358 turns).

qw the Spry (Spriggan Hunter)                       Turns: 9358, Time: 00:01:09

Health: 0/55       AC:  9    Str:  7    XL:     11   Next: 68%
Magic:  15/15      EV: 41    Int: 12    God:    Okawaru [***...]
Gold:   565        SH:  5    Dex: 28    Spells: 10/10 levels left

rFire   . . .        b - +0 orcbow
rCold   . . .        (shield currently unavailable)
rNeg    . . .        q - +2 robe
rPois   .            h - +2 hat
rElec   .            e - +2 cloak
rCorr   .            (gloves unavailable)
SInv    +            (boots unavailable)
Will    +....        g - amulet of reflection
Stlth   +++          k - +6 ring of dexterity
HPRegen 0.29/turn    f - +5 ring of evasion
MPRegen 0.14/turn

%: reflection
@: lethally poisoned (0 -> -6), very quick
A: very small, no large weapons, unfitting armour, see invisible, speed 3
a: Renounce Religion, Heroism


You were on level 1 of the Lair of Beasts.
You worshipped Okawaru.
Okawaru was most pleased with you.
You visited 3 branches of the dungeon, and saw 11 of its levels.
You also visited: Sewer.

You collected 565 gold pieces.


Innate Abilities, Weirdness & Mutations

You are very small and have problems with some larger weapons.
You are too small for most types of armour.
You have supernaturally acute eyesight. (SInv)
You cover ground extremely quickly. (Speed+++)


   Skills:
 - Level 5.0 Fighting
 - Level 13.4 Ranged Weapons
 + Level 15.3 Dodging
 - Level 1.5 Stealth
 - Level 4.1 Invocations


You had 10 spell levels left.
You didn't know any spells.
Your spell library was empty.

Inventory:

Hand Weapons
 b - a +0 orcbow (weapon)
Armour
 e - a +2 cloak (worn)
 h - a +2 hat (worn)
 q - a +2 robe (worn)
Jewellery
 f - a +5 ring of evasion (right hand)
 g - an amulet of reflection (around neck)
 k - a +6 ring of dexterity (left hand)
Wands
 n - a wand of acid (7)
 o - a wand of roots (22)
 p - a wand of mindburst (14)
Potions
 a - a potion of might
 c - a potion of ambrosia {unknown}
 d - a potion of heal wounds
 i - 4 potions of enlightenment
 j - a potion of curing
 l - a potion of resistance
 m - a potion of mutation

Dungeon Overview and Level Annotations

Branches:
Dungeon (9/15)             Temple (1/1) D:6            Lair (1/5) D:9
  Sewer (visited)
    Orc: D:9-12

Altars:
Ashenzari
Cheibriados
Dithmenos
Elyvilon
Fedhas
Gozag
Hepliaklqana
Kikubaaqudgha
Okawaru
Qazlal
Ru
Sif Muna
Trog
Uskayaw
Vehumet
Wu Jian
Xom
Yredelemnul
Zin
The Shining One

Portals:
Abyss: D:5

Annotations:
D:5 2 transporters, qw's ghost, novice DEHu
D:9 3 runed translucent doors, exclusion: moth of wrath, qw's ghost, novice GrHu


Message History

The arrow barely misses the black mamba.
The black mamba barely misses you. The black mamba completely misses you.
You shoot an arrow.
The arrow completely misses the black mamba.
The black mamba completely misses you.
The black mamba bites you but does no damage.
You shoot an arrow. The arrow hits the black mamba!
The black mamba is heavily wounded.
The black mamba completely misses you.
You shoot an arrow.
The arrow hits the black mamba but does no damage.
The black mamba is heavily wounded.
The black mamba completely misses you. The black mamba bites you.
You are poisoned.
The black mamba poisons you!
You shoot an arrow. The arrow hits the black mamba!
The black mamba is severely wounded.
You feel very sick. The black mamba misses you.
You shoot an arrow.
The arrow barely misses the black mamba.
You feel very sick. The black mamba completely misses you.
You shoot an arrow. The arrow hits the black mamba.
The black mamba is almost dead.
You feel very sick.
The black mamba completely misses you. x2
You shoot an arrow. The arrow hits the black mamba!
You kill the black mamba!
Okawaru accepts your kill.
You feel very sick.
You shoot an arrow. The arrow hits the elephant.
The elephant is severely wounded.
You feel sick. The elephant completely misses you.
The elephant closely misses you.
You shoot an arrow.
The arrow hits the elephant but does no damage.
The elephant is severely wounded.
You feel sick. The elephant tramples you!
You die...

..<......####........####...
###......#.###........# #. P.
..####%........%......## ..#
>.....#.#.....#..8S....#####...
........####..#..Y#............
..#.......##......##..P.#......
....#............##...Y..........
....#......8...Y####.P.Y.#....#..
P#######%%.....#@# ####..# ......
# #.8...8.### ###Y### .....
#.......## #.%##.##....?
#....8...?### #.Y......$...
#............###...Y(.......
#......####.....##.##.Y......
#...##.##..#........#..=.##..
(8.# #.##.####....>.#.#..# ....
.#.. ####...#....#


You could see an elephant.

Vanquished Creatures
  Erolcha (D:9)
  Harold (D:9)
  A two-headed ogre (D:8)
  3 elephants (Lair:1)
  2 black mambas (Lair:1)
  4 komodo dragons
  Psyche (D:9)
  A troll (D:9)
  Grinder (D:3)
  Sigmund (D:3)
  A wyvern (Lair:1)
  16 yaks
  2 basilisks (Lair:1)
  Eustachio (D:4)
  Duvessa (D:7)
  4 water moccasins
  2 ice beasts
  An orc warrior (D:8)
  4 black bears
  3 centaurs
  4 wolves (Lair:1)
  2 ogres
  2 phantoms (D:5)
  6 bullfrogs
  6 kobold brigands
  4 scorpions
  4 wights (D:8)
  Dowan (D:7)
  7 killer bees
  6 hounds
  2 jellies
  4 orc priests
  5 iguanas
  4 orc wizards
  21 gnolls
  7 adders
  5 river rats
  3 shadow imps
  2 white imps
  A dart slug (D:5)
  A ribbon worm (D:3)
  14 orcs
  15 ball pythons
  7 endoplasms
  3 giant cockroaches (D:4)
  8 goblins
  8 hobgoblins
  8 jackals
  4 quokkas
  10 bats
  4 frilled lizards
  A goblin skeleton (D:5)
  2 goblin zombies (D:5)
  3 hobgoblin zombies (D:5)
  27 kobolds
  A kobold skeleton (D:5)
  3 kobold zombies (D:5)
  2 orc skeletons (D:5)
  26 rats
294 creatures vanquished.

Notes
Turn   | Place    | Note
-------+----------+-------------------------------------------
     0 | D:1      | qw the Spriggan Hunter began the quest for the Orb.
     0 | D:1      | Reached XP level 1. HP: 10/10 MP: 2/2
     0 | D:1      | 0 ||| qw: Version: 0.3-a-160-g6735b56
     0 | D:1      | 0 ||| qw: Game counter: 5230
     0 | D:1      | 0 ||| qw: Melee chars always use a shield: true
     0 | D:1      | 0 ||| qw: God list: Okawaru
     0 | D:1      | 0 ||| qw: Allow faded altars: false
     0 | D:1      | 0 ||| qw: Do Orc after clearing Dungeon:15 true
     0 | D:1      | 0 ||| qw: Do second Lair branch before Depths: true
     0 | D:1      | 0 ||| qw: Lair rune preference: random
     0 | D:1      | 0 ||| qw: Goals: Normal
     0 | D:1      | 0 ||| PLANNING D:1-11
   218 | D:1      | Reached skill level 3 in Dodging
   405 | D:1      | Reached skill level 4 in Dodging
   405 | D:1      | Reached XP level 2. HP: 5/14 MP: 3/3
   686 | D:1      | Reached XP level 3. HP: 18/18 MP: 4/4
   892 | D:1      | 892 ||| UPGRADING to +2 cloak.
   897 | D:1      | 897 ||| UPGRADING to +2 hat.
   902 | D:1      | 902 ||| READING 2 scrolls labelled QILOSEAH WATY.
   903 | D:1      | 903 ||| READING scroll labelled MEGOHA SYECSAI.
   908 | D:1      | 908 ||| READING scroll labelled ROCACO LULUHOTS.
  1009 | D:1      | 1009 ||| DROPPING scroll of butterflies.
  1010 | D:1      | 1010 ||| DROPPING scroll of noise.
  1299 | D:2      | Reached XP level 4. HP: 21/22 MP: 5/5
  1448 | D:2      | Found a faded altar of an unknown god.
  1524 | D:2      | 1524 ||| READING scroll labelled RAONUXKEMI.
  1524 | D:2      | 1524 ||| IDENTIFYING smoky ruby potion
  1525 | D:2      | 1525 ||| DRINKING 2 brown potions.
  1526 | D:2      | 1526 ||| DROPPING potion of brilliance.
  1578 | D:3      | Reached skill level 5 in Dodging
  1604 | D:3      | Noticed Grinder
  1614 | D:3      | HP: 4/23 [Grinder (5)]
  1615 | D:3      | 1615 ||| READING scroll of teleportation.
  1747 | D:3      | Noticed Sigmund
  1753 | D:3      | 1753 ||| DRINKING potion of curing.
  1753 | D:3      | 1753 ||| (to cure confusion)
  1755 | D:3      | Killed Sigmund
  1756 | D:3      | Reached skill level 3 in Fighting
  1756 | D:3      | Reached XP level 5. HP: 29/29 MP: 6/6
  1756 | D:3      | Reached XP level 6. HP: 33/33 MP: 7/7
  2428 | D:3      | Paralysed by Grinder for 5 turns
  2437 | D:3      | Killed Grinder
  2438 | D:3      | Reached skill level 6 in Ranged Weapons
  2438 | D:3      | Reached XP level 7. HP: 21/37 MP: 8/8
  2590 | D:3      | 2590 ||| UPGRADING to amulet of reflection.
  2595 | D:3      | 2595 ||| READING 2 scrolls of identify.
  2595 | D:3      | 2595 ||| IDENTIFYING lumpy silvery potion
  2596 | D:3      | 2596 ||| READING scroll of identify.
  2596 | D:3      | 2596 ||| IDENTIFYING fuming cyan potion
  2597 | D:3      | 2597 ||| READING scroll labelled QUFOSM RATSIGE.
  2598 | D:3      | 2598 ||| DRINKING 2 golden potions.
  2599 | D:3      | 2599 ||| DROPPING potion of attraction.
  2600 | D:3      | 2600 ||| DROPPING potion of berserk rage.
  2613 | D:4      | 2613 ||| PLANNING SEWER
  2805 | D:4      | Found a snail-covered altar of Cheibriados.
  2837 | D:4      | Reached skill level 6 in Dodging
  2874 | D:4      | Reached skill level 7 in Dodging
  2927 | D:4      | Noticed Eustachio
  2950 | D:4      | 2950 ||| RETREEEEATING.
  2951 | D:4      | 2951 ||| RETREEEEATING.
  2959 | D:4      | Killed Eustachio
  3082 | D:4      | Reached XP level 8. HP: 42/42 MP: 9/9
  3097 | D:4      | Found a glowing drain.
  3098 | D:4      | 3098 ||| READING 2 scrolls of identify.
  3098 | D:4      | 3098 ||| IDENTIFYING cyan potion
  3099 | D:4      | 3099 ||| READING scroll of identify.
  3099 | D:4      | 3099 ||| IDENTIFYING murky green potion
  3100 | D:4      | 3100 ||| READING scroll labelled ECATHR YWNAHEFF.
  3101 | D:4      | 3101 ||| DRINKING 3 fuming green potions.
  3102 | D:4      | 3102 ||| DROPPING potion of magic.
  3103 | D:4      | 3103 ||| DROPPING 2 potions of degeneration.
  3111 | Sewer    | Entered a sewer
  3659 | Sewer    | 3659 ||| READING scroll of identify.
  3659 | Sewer    | 3659 ||| IDENTIFYING ruby potion
  3660 | Sewer    | 3660 ||| READING scroll labelled PASHRIM SEHAA.
  3661 | Sewer    | 3661 ||| DRINKING 2 bubbling silvery potions.
  3662 | Sewer    | 3662 ||| DROPPING potion of invisibility.
  3688 | D:4      | 3688 ||| PLANNING D:1-11
  3738 | D:4      | Reached skill level 8 in Dodging
  4112 | D:4      | 4112 ||| READING scroll labelled WOQ YPPIDGH.
  4112 | D:4      | 4112 ||| ENCHANTING +0 shortbow.
  4166 | D:5      | Entered Level 5 of the Dungeon
  4225 | D:5      | Reached skill level 9 in Ranged Weapons
  4321 | D:5      | Noticed qw's ghost (novice DEHu)
  4382 | D:5      | Reached skill level 9 in Dodging
  4397 | D:5      | Found a glowing golden altar of the Shining One.
  4468 | D:5      | Found a transporter.
  4481 | D:5      | Found a transporter.
  4527 | D:5      | Found a one-way gate to the infinite horrors of the Abyss.
  4559 | D:5      | Found a glowing silver altar of Zin.
  4559 | D:5      | Noticed an angel
  4564 | D:5      | Found a shimmering altar of Xom.
  4781 | D:5      | Reached XP level 9. HP: 45/45 MP: 10/10
  5120 | D:5      | 5120 ||| UPGRADING to ring of poison resistance.
  5121 | D:5      | 5121 ||| READING scroll of identify.
  5121 | D:5      | 5121 ||| IDENTIFYING white potion
  5122 | D:5      | 5122 ||| READING 2 scrolls labelled UREAHOOXTO.
  5123 | D:5      | 5123 ||| DROPPING scroll of fog.
  5209 | D:6      | 5209 ||| FLEEEEING.
  5210 | D:6      | 5210 ||| FLEEEEING.
  5212 | D:6      | 5212 ||| FLEEEEING.
  5213 | D:6      | 5213 ||| FLEEEEING.
  5214 | D:6      | 5214 ||| FLEEEEING.
  5216 | D:6      | 5216 ||| FLEEEEING.
  5217 | D:6      | 5217 ||| FLEEEEING.
  5249 | D:6      | 5249 ||| SWAPPING to +0 orcbow.
  5253 | D:6      | 5253 ||| DROPPING +1 shortbow.
  5281 | D:6      | Found a basalt altar of Yredelemnul.
  5367 | D:6      | Found a staircase to the Ecumenical Temple.
  5368 | D:6      | 5368 ||| PLANNING TEMPLE
  5368 | D:6      | 5368 ||| READING scroll of identify.
  5368 | D:6      | 5368 ||| IDENTIFYING grey potion
  5377 | Temple   | Entered the Ecumenical Temple
  5378 | Temple   | 5378 ||| PLANNING D:1-11
  5532 | D:6      | Reached skill level 10 in Dodging
  5668 | D:6      | 5668 ||| DRINKING 3 potions of haste.
  5956 | D:6      | 5956 ||| READING scroll of identify.
  5956 | D:6      | 5956 ||| IDENTIFYING yellow potion
  5957 | D:6      | 5957 ||| DROPPING potion of lignification.
  6188 | D:7      | Reached skill level 11 in Dodging
  6406 | D:7      | 6406 ||| RETREEEEATING.
  6409 | D:7      | 6409 ||| RETREEEEATING.
  6532 | D:7      | Noticed Duvessa
  6534 | D:7      | Noticed Dowan
  6544 | D:7      | Killed Duvessa
  6545 | D:7      | 6545 ||| DRINKING 2 potions of haste.
  6551 | D:7      | Killed Dowan
  6673 | D:7      | 6673 ||| UPGRADING to +2 robe.
  6683 | D:7      | 6683 ||| DROPPING +0 robe.
  6684 | D:7      | 6684 ||| UPGRADING to +5 ring of evasion.
  6871 | D:8      | 6871 ||| DRINKING potion of curing.
  6871 | D:8      | 6871 ||| (to cure confusion)
  7084 | D:8      | 7084 ||| FLEEEEING.
  7085 | D:8      | 7085 ||| FLEEEEING.
  7088 | D:8      | 7088 ||| FLEEEEING.
  7089 | D:8      | 7089 ||| FLEEEEING.
  7091 | D:8      | 7091 ||| FLEEEEING.
  7092 | D:8      | 7092 ||| FLEEEEING.
  7093 | D:8      | 7093 ||| FLEEEEING.
  7094 | D:8      | 7094 ||| FLEEEEING.
  7095 | D:8      | 7095 ||| FLEEEEING.
  7096 | D:8      | 7096 ||| FLEEEEING.
  7097 | D:8      | 7097 ||| FLEEEEING.
  7098 | D:8      | 7098 ||| FLEEEEING.
  7099 | D:8      | 7099 ||| STAIRDANCE
  7154 | D:7      | 7154 ||| READING scroll of identify.
  7154 | D:7      | 7154 ||| IDENTIFYING fuming amethyst potion
  7218 | D:8      | Found an ancient bone altar of Kikubaaqudgha.
  7262 | D:8      | Noticed a two-headed ogre
  7263 | D:8      | 7263 ||| DRINKING potion of haste.
  7277 | D:8      | Killed a two-headed ogre
  7278 | D:8      | Reached skill level 12 in Dodging
  7278 | D:8      | Reached XP level 10. HP: 40/49 MP: 11/11
  7390 | D:8      | Found an ornate altar of the Wu Jian Council.
  7928 | D:9      | 7928 ||| RETREEEEATING.
  7929 | D:9      | 7929 ||| RETREEEEATING.
  7930 | D:9      | 7930 ||| RETREEEEATING.
  7931 | D:9      | 7931 ||| RETREEEEATING.
  7932 | D:9      | 7932 ||| RETREEEEATING.
  7933 | D:9      | 7933 ||| RETREEEEATING.
  7934 | D:9      | 7934 ||| RETREEEEATING.
  7935 | D:9      | 7935 ||| RETREEEEATING.
  7936 | D:9      | 7936 ||| RETREEEEATING.
  7937 | D:9      | 7937 ||| RETREEEEATING.
  7938 | D:9      | 7938 ||| RETREEEEATING.
  7939 | D:9      | 7939 ||| RETREEEEATING.
  7940 | D:9      | 7940 ||| RETREEEEATING.
  7941 | D:9      | 7941 ||| RETREEEEATING.
  7992 | D:9      | Reached skill level 12 in Ranged Weapons
  8029 | D:9      | Noticed Erolcha
  8033 | D:9      | 8033 ||| RETREEEEATING.
  8035 | D:9      | 8035 ||| RETREEEEATING.
  8037 | D:9      | 8037 ||| RETREEEEATING.
  8038 | D:9      | 8038 ||| RETREEEEATING.
  8040 | D:9      | 8040 ||| RETREEEEATING.
  8043 | D:9      | 8043 ||| ZAPPING wand of acid (15) at 0,-5 (Erolcha;
                  | floor).
  8044 | D:9      | 8044 ||| ZAPPING wand of acid (14) at 0,-4 (Erolcha;
                  | floor).
  8045 | D:9      | 8045 ||| ZAPPING wand of acid (13) at 1,-3 (Erolcha;
                  | floor).
  8046 | D:9      | 8046 ||| ZAPPING wand of acid (12) at 1,-2 (Erolcha;
                  | floor).
  8047 | D:9      | 8047 ||| ZAPPING wand of acid (11) at 0,-2 (Erolcha;
                  | floor).
  8055 | D:9      | 8055 ||| ZAPPING wand of acid (10) at 2,-5 (Erolcha;
                  | floor).
  8055 | D:9      | Killed Erolcha
  8056 | D:9      | Reached skill level 13 in Dodging
  8180 | D:9      | Found a runed translucent gate.
  8180 | D:9      | Found a runed translucent gate.
  8180 | D:9      | Found a runed translucent gate.
  8182 | D:9      | Found the +8 Vampire's Tooth {megavamp}
  8183 | D:9      | Noticed qw's ghost (novice GrHu)
  8201 | D:9      | 8201 ||| RETREEEEATING.
  8232 | D:9      | Reached XP level 11. HP: 24/55 MP: 12/12
  8232 | D:9      | HP: 11/55 [yak (13)]
  8233 | D:9      | 8233 ||| READING scroll of teleportation.
  8234 | D:9      | 8234 ||| DRINKING 2 potions of heal wounds.
  8238 | D:9      | 8238 ||| FLEEEEING.
  8239 | D:9      | 8239 ||| FLEEEEING.
  8240 | D:9      | 8240 ||| FLEEEEING.
  8240 | D:9      | Found an iron altar of Okawaru.
  8241 | D:9      | 8241 ||| PLANNING OKAWARU WORSHIP
  8241 | D:9      | 8241 ||| FLEEEEING.
  8251 | D:9      | 8251 ||| FLEEEEING.
  8252 | D:9      | 8252 ||| FLEEEEING.
  8253 | D:9      | 8253 ||| FLEEEEING.
  8254 | D:9      | 8254 ||| FLEEEEING.
  8256 | D:9      | 8256 ||| FLEEEEING.
  8257 | D:9      | 8257 ||| FLEEEEING.
  8258 | D:9      | 8258 ||| FLEEEEING.
  8259 | D:9      | 8259 ||| FLEEEEING.
  8260 | D:9      | 8260 ||| STAIRDANCE
  8333 | D:8      | 8333 ||| READING scroll labelled FES VI XIONOKH.
  8336 | D:9      | 8336 ||| STAIRDANCE
  8386 | D:9      | Became a worshipper of Warmaster Okawaru
  8387 | D:9      | 8387 ||| PLANNING D:1-11
  8472 | D:9      | Found a bloodstained altar of Trog.
  8592 | D:9      | Noticed Psyche
  8596 | D:9      | 8596 ||| FLEEEEING.
  8597 | D:9      | 8597 ||| FLEEEEING.
  8602 | D:9      | Killed Psyche
  8706 | D:9      | Found a sacrificial altar of Ru.
  8706 | D:9      | Found a blossoming altar of Fedhas.
  8706 | D:9      | Found a hazy altar of Hepliaklqana.
  8735 | D:9      | Found a staircase to the Lair.
  8744 | D:9      | Reached skill level 14 in Dodging
  8744 | D:9      | 8744 ||| FLEEEEING.
  8745 | D:9      | 8745 ||| FLEEEEING.
  8746 | D:9      | 8746 ||| FLEEEEING.
  8747 | D:9      | 8747 ||| FLEEEEING.
  8748 | D:9      | 8748 ||| FLEEEEING.
  8749 | D:9      | 8749 ||| FLEEEEING.
  8751 | D:9      | 8751 ||| FLEEEEING.
  8752 | D:9      | 8752 ||| FLEEEEING.
  8753 | D:9      | 8753 ||| FLEEEEING.
  8755 | D:9      | 8755 ||| FLEEEEING.
  8761 | D:9      | 8761 ||| FLEEEEING.
  8762 | D:9      | 8762 ||| FLEEEEING.
  8763 | D:9      | 8763 ||| FLEEEEING.
  8764 | D:9      | 8764 ||| FLEEEEING.
  8765 | D:9      | 8765 ||| FLEEEEING.
  8766 | D:9      | 8766 ||| FLEEEEING.
  8767 | D:9      | 8767 ||| FLEEEEING.
  8768 | D:9      | 8768 ||| FLEEEEING.
  8769 | D:9      | 8769 ||| STAIRDANCE
  8934 | D:9      | Noticed Harold
  8937 | D:9      | 8937 ||| ZAPPING wand of acid (10) at -3,-5 (Harold;
                  | floor).
  8938 | D:9      | 8938 ||| ZAPPING wand of acid (9) at -2,-4 (Harold; floor).
  8939 | D:9      | 8939 ||| ZAPPING wand of acid (8) at -2,-3 (Harold; floor).
  8943 | D:9      | 8943 ||| ZAPPING wand of acid (7) at 4,-2 (Harold; floor).
  8944 | D:9      | 8944 ||| ZAPPING wand of acid (6) at 4,-2 (Harold; floor).
  8945 | D:9      | 8945 ||| ZAPPING wand of acid (5) at 4,-2 (Harold; floor).
  8945 | D:9      | Killed Harold
  8945 | D:9      | Reached * piety under Okawaru
  9022 | D:9      | 9022 ||| PLANNING LAIR
  9022 | D:9      | 9022 ||| UPGRADING to +6 ring of dexterity.
  9024 | D:9      | 9024 ||| DROPPING ring of poison resistance.
  9057 | Lair:1   | Entered Level 1 of the Lair of Beasts
  9111 | Lair:1   | Reached skill level 1 in Invocations
  9193 | Lair:1   | 9193 ||| RETREEEEATING.
  9194 | Lair:1   | 9194 ||| RETREEEEATING.
  9195 | Lair:1   | 9195 ||| RETREEEEATING.
  9196 | Lair:1   | 9196 ||| RETREEEEATING.
  9197 | Lair:1   | 9197 ||| RETREEEEATING.
  9198 | Lair:1   | 9198 ||| RETREEEEATING.
  9199 | Lair:1   | 9199 ||| RETREEEEATING.
  9201 | Lair:1   | 9201 ||| RETREEEEATING.
  9202 | Lair:1   | 9202 ||| RETREEEEATING.
  9203 | Lair:1   | 9203 ||| RETREEEEATING.
  9205 | Lair:1   | 9205 ||| INVOKING Heroism.
  9211 | Lair:1   | 9211 ||| RETREEEEATING.
  9212 | Lair:1   | 9212 ||| RETREEEEATING.
  9213 | Lair:1   | 9213 ||| RETREEEEATING.
  9214 | Lair:1   | 9214 ||| RETREEEEATING.
  9215 | Lair:1   | 9215 ||| RETREEEEATING.
  9216 | Lair:1   | 9216 ||| RETREEEEATING.
  9225 | Lair:1   | Reached ** piety under Okawaru
  9282 | Lair:1   | Reached skill level 3 in Invocations
  9285 | Lair:1   | 9285 ||| RETREEEEATING.
  9287 | Lair:1   | 9287 ||| RETREEEEATING.
  9293 | Lair:1   | 9293 ||| RETREEEEATING.
  9294 | Lair:1   | 9294 ||| RETREEEEATING.
  9295 | Lair:1   | 9295 ||| RETREEEEATING.
  9309 | Lair:1   | 9309 ||| RETREEEEATING.
  9310 | Lair:1   | 9310 ||| RETREEEEATING.
  9311 | Lair:1   | 9311 ||| RETREEEEATING.
  9312 | Lair:1   | 9312 ||| RETREEEEATING.
  9313 | Lair:1   | 9313 ||| RETREEEEATING.
  9314 | Lair:1   | 9314 ||| RETREEEEATING.
  9315 | Lair:1   | 9315 ||| RETREEEEATING.
  9322 | Lair:1   | 9322 ||| RETREEEEATING.
  9323 | Lair:1   | 9323 ||| RETREEEEATING.
  9324 | Lair:1   | 9324 ||| RETREEEEATING.
  9330 | Lair:1   | Reached skill level 15 in Dodging
  9356 | Lair:1   | Reached *** piety under Okawaru
  9358 | Lair:1   | HP: 13/55 [poisoned by a black mamba]
  9358 | Lair:1   | Slain by an elephant

Levels and vault maps discovered:
D:1:      wander_arrival_peaceful_grave, layout_basic
D:2:      layout_rooms, dilly_ecumenical_altar_fadedgnrine
D:3:      layout_basic, uniq_grinder, uniq_sigmund
D:4:      layout_basic, mainiacjoe_overflow_tiny_flanked, portal_sewer_entry_a,
          uniq_eustachio
D:5:      layout_loops_corners, grunt_temple_overflow_order_and_chaos_1,
          nicolae_tso_besieged_by_evil, gammafunk_ghost_abyssal_escape
D:6:      layout_gridville, yredelemnul_altar_generic,
          minmay_temple_entry_sparse_star, chequers_garden
D:7:      layout_basic, uniq_duvessa
D:8:      layout_layer_cave, general_overflow_altar, nzn_wu_jian_contemplation,
          abandoned_shop
D:9:      layout_cave_pools, kennysheep_okawaru_gauntlet, tgw_trog,
          gammafunk_temple_overflow_claw, grunt_lair_entry_orc_guard_hut,
          gammafunk_ghost_spectres, uniq_psyche, uniq_harold, uniq_erolcha
Temple:   hellmonk_temple_micro_hex
Lair:1:   layout_misc_corridors, grunt_megastairs_4, lemuel_fruit_fields

Skill      XL: |  1  2  3  4  5  6  7  8  9 10 11 |
---------------+----------------------------------+-----
Dodging        | 4 5 7 9 12 13 15 | 15.3
Ranged Weapons | 5 6 7 9 11 12 13 | 13.4
Fighting       | 3 4 5 |  5.0
Invocations    | 4 |  4.1
Stealth        | |  1.5

Action                     |  1- 3 |  4- 6 |  7- 9 | 10-12 || total
---------------------------+-------+-------+-------+-------++-------
   Fire: Shortbow          |    86 |   161 |   442 |       ||   689
         Orcbow            |       |       |   199 |   399 ||   598
 Invoke: Heroism           |       |       |       |     1 ||     1
  Evoke: Wand              |       |       |       |    12 ||    12
    Use: Scroll            |     3 |     2 |    14 |     2 ||    21
         Potion            |       |     2 |     7 |     1 ||    10
 Armour: Robe              |    11 |    28 |    90 |    58 ||   187
  Dodge: Dodged            |    31 |    79 |   338 |   286 ||   734
  Block: Other             |       |       |    68 |    54 ||   122
         Reflection        |       |       |     3 |       ||     3

Table legend:
 A = Non-vault XP
 B = Vault XP
 C = Vault XP percentage of total XP
 D = Non-vault monster count
 E = Vault monster count
 F = Vault count percentage of total count
                 A         B        C        D         E       F
            +---------+---------+-------+---------+---------+-------
      Total |   13282 |    5093 |  27.7 |     208 |      86 |  29.3
            +---------+---------+-------+---------+---------+-------
        D:1 |      44 |       0 |   0.0 |      14 |       0 |   0.0
        D:2 |      75 |       0 |   0.0 |      24 |       0 |   0.0
        D:3 |     237 |     498 |  67.8 |      28 |       2 |   6.7
        D:4 |     563 |     219 |  28.0 |      25 |       8 |  24.2
        D:5 |     798 |      22 |   2.7 |      22 |      13 |  37.1
        D:6 |     965 |       0 |   0.0 |      18 |       0 |   0.0
        D:7 |     529 |     214 |  28.8 |      16 |       2 |  11.1
        D:8 |    2148 |       0 |   0.0 |      22 |       0 |   0.0
        D:9 |    3933 |    3129 |  44.3 |      25 |      10 |  28.6
     Lair:1 |    3990 |     520 |  11.5 |      14 |       2 |  12.5
      Sewer |       0 |     491 | 100.0 |       0 |      49 | 100.0
            +---------+---------+-------+---------+---------+-------
